 Dungeon Crawl Stone Soup version 0.31-a0-187-gba352fbbf7 (webtiles) character file.

Game seed: 7422077575476757878

126 qw the Skirmisher (level 4, -6/25 HPs)
             Began as a Deep Elf Hunter on June 22, 2023.
             Was an Initiate of Okawaru.
             Mangled by an ogre
             ... wielding a +0 giant spiked club
              (31 damage)
             ... on level 4 of the Dungeon.
             The game lasted 00:00:55 (2935 turns).

qw the Skirmisher (Deep Elf Hunter)                 Turns: 2935, Time: 00:00:55

Health: -6/25      AC:  6    Str: 10    XL:     4   Next: 84%
Magic:  6/6        EV: 11    Int: 14    God:    Okawaru [......]
Gold:   214        SH:  0    Dex: 18    Spells: 3/3 levels left

rFire   . . .        Y - +0 shortbow
rCold   . . .        (shield currently unavailable)
rNeg    . . .        b - +0 ring mail
rPois   .            f - +1 hat
rElec   .            (no cloak)
rCorr   .            (no gloves)
SInv    .            (no boots)
Will    .....        (no amulet)
Stlth   +            (no ring)
HPRegen 0.24/turn    (no ring)
MPRegen 0.10/turn

%: no passive effects
@: no status effects
A: no striking features
a: Renounce Religion


You were on level 4 of the Dungeon.
You worshipped Okawaru.
Okawaru was noncommittal.
You visited 1 branch of the dungeon, and saw 4 of its levels.

You collected 247 gold pieces.
You spent 33 gold pieces at shops.


   Skills:
 - Level 1.5 Fighting
 + Level 8.2 Ranged Weapons
 - Level 2.4 Dodging
 - Level 1.2 Stealth


You had 3 spell levels left.
You didn't know any spells.
Your spell library was empty.

Inventory:

Hand Weapons
 Y - a +0 shortbow (weapon)
Armour
 b - a +0 ring mail (worn)
 f - a +1 hat (worn)
Scrolls
 a - 3 scrolls of identify
 d - 4 scrolls of teleportation
Potions
 e - a potion of curing {unknown}
 g - a potion of might
 h - 2 potions of lignification {unknown}

Dungeon Overview and Level Annotations

Branches:
Dungeon (4/15)
 Temple: D:4-7

Altars:
Elyvilon
Fedhas
Okawaru
Ru
Vehumet
Xom
Yredelemnul

Shops:
D:1 ?


Message History

You feel sick. The adder bites you.
2884 ||| DRINKING potion of heal wounds.
You feel much better.
You feel sick. The adder bites you.
You shoot an arrow. The arrow closely misses the adder.
You feel sick. The adder misses you. The adder bites you but does no damage.
You shoot an arrow. The arrow hits the adder!
You kill the adder!
Okawaru accepts your kill.
Your surroundings suddenly seem different.
You feel sick.
You are no longer poisoned.
You start resting.
HP restored.
A ball python comes into view.
Enter note:
Enter note:
Enter note: You shoot an arrow.
The arrow closely misses the ball python.
You shoot an arrow.
The arrow barely misses the ball python.
You shoot an arrow. The arrow hits the ball python!
You kill the ball python!
Okawaru accepts your kill.
You see here a ball python corpse.
An ogre comes into view. It is wielding a +0 giant spiked club.
The ogre shouts!
Enter note:
Enter note:
Enter note: You shoot an arrow.
The arrow hits the ogre but does no damage.
You shoot an arrow. The arrow hits the ogre!
The ogre is moderately wounded.
You shoot an arrow. The arrow hits the ogre!
The ogre is severely wounded.
The ogre hits you with a +0 giant spiked club!!
Ouch! That really hurt!
You die...

.........##.##(###.#######
.####..#.......##.......##
#....<..#####..####.##
>......###.#####.........
######.#..........####.##
#.#.#.###...)...#.##
#.....# #.#.......#
###O#.###.#####.###
#@#........##.#
##.#####.##.##.#
#####..#####.##.##.####
#.........##.......#...
#.........###.....##.##
#..##.##..# #.....##.##
#..##.##..# #.....##.#.
#.%##.##..# #.....##.#.
#..##.##..# ########...


You could see an ogre.

Vanquished Creatures
  A hound (D:3)
  4 adders
  3 dart slugs
  4 orcs
  5 endoplasms
  A giant cockroach (D:4)
  2 goblins (D:1)
  6 hobgoblins
  3 jackals (D:1)
  3 kobolds
  A quokka (D:1)
  8 ball pythons
  3 bats (D:3)
  2 frilled lizards
  5 rats
51 creatures vanquished.

Notes
Turn   | Place    | Note
-------+----------+-------------------------------------------
     0 | D:1      | qw the Deep Elf Hunter began the quest for the Orb.
     0 | D:1      | Reached XP level 1. HP: 12/12 MP: 3/3
     0 | D:1      | 0 ||| qw: Version: 0.3-a-9-g12657ce
     0 | D:1      | 0 ||| qw: Game counter: 2652
     0 | D:1      | 0 ||| qw: Always use a shield: true
     0 | D:1      | 0 ||| qw: God list: Okawaru
     0 | D:1      | 0 ||| qw: Allow faded altars: false
     0 | D:1      | 0 ||| qw: Do Orc after D:15 true
     0 | D:1      | 0 ||| qw: Do second Lair branch before Depths: true
     0 | D:1      | 0 ||| qw: Lair rune preference: random
     0 | D:1      | 0 ||| qw: Plans: Normal
     0 | D:1      | 0 ||| PLANNING D:1-11
   342 | D:1      | Found Besur's Magic Scroll Shop.
   351 | D:1      | 351 ||| BUYING scroll of teleportation (33 gold).
   351 | D:1      | Bought a scroll of teleportation for 33 gold pieces
   387 | D:1      | Reached skill level 6 in Ranged Weapons
   387 | D:1      | Reached XP level 2. HP: 16/16 MP: 4/4
   999 | D:1      | 999 ||| UPGRADING to +1 hat.
  1004 | D:1      | 1004 ||| READING scroll labelled INIOCZ ROCSUE.
  1005 | D:1      | 1005 ||| READING scroll labelled NAHOOM EH XADD.
  1106 | D:1      | 1106 ||| DRINKING 2 fizzy yellow potions.
  1107 | D:1      | 1107 ||| DRINKING 2 smoky silvery potions.
  1117 | D:1      | 1117 ||| DROPPING scroll of butterflies.
  1118 | D:1      | 1118 ||| DROPPING potion of attraction.
  1119 | D:1      | 1119 ||| DROPPING potion of ambrosia.
  1420 | D:2      | Reached XP level 3. HP: 19/20 MP: 5/5
  1751 | D:2      | 1751 ||| READING 2 scrolls of identify.
  1751 | D:2      | 1751 ||| IDENTIFYING inky potion
  1752 | D:2      | 1752 ||| DROPPING potion of berserk rage.
  1818 | D:3      | Reached skill level 7 in Ranged Weapons
  1856 | D:3      | Found a sacrificial altar of Ru.
  1860 | D:3      | Found a blossoming altar of Fedhas.
  1860 | D:3      | Found a shimmering altar of Xom.
  1981 | D:3      | Found a radiant altar of Vehumet.
  1995 | D:3      | Found a white marble altar of Elyvilon.
  2002 | D:3      | Found an iron altar of Okawaru.
  2003 | D:3      | 2003 ||| PLANNING OKAWARU WORSHIP
  2003 | D:3      | 2003 ||| UPGRADING to +0 scale mail.
  2013 | D:3      | 2013 ||| DROPPING +0 leather armour.
  2014 | D:3      | 2014 ||| READING 3 scrolls labelled WUNOJIE VUTALO.
  2015 | D:3      | 2015 ||| DROPPING 2 scrolls of poison.
  2017 | D:3      | 2017 ||| Stepping ~*~*~tactically~*~*~ (cloud).
  2022 | D:3      | HP: 5/20 [poisoned by you (poison gas)]
  2099 | D:3      | Became a worshipper of Warmaster Okawaru
  2100 | D:3      | 2100 ||| PLANNING D:1-11
  2107 | D:3      | Found a basalt altar of Yredelemnul.
  2211 | D:3      | Reached XP level 4. HP: 25/25 MP: 6/6
  2447 | D:3      | Reached skill level 8 in Ranged Weapons
  2625 | D:3      | 2625 ||| UPGRADING to +0 ring mail.
  2635 | D:3      | 2635 ||| DROPPING +0 scale mail.
  2636 | D:3      | 2636 ||| READING 4 scrolls of identify.
  2636 | D:3      | 2636 ||| IDENTIFYING blue potion
  2637 | D:3      | 2637 ||| READING 3 scrolls of identify.
  2637 | D:3      | 2637 ||| IDENTIFYING pink potion
  2882 | D:4      | HP: 5/25 [poisoned by an adder]
  2883 | D:4      | 2883 ||| READING 5 scrolls of teleportation.
  2884 | D:4      | 2884 ||| DRINKING potion of heal wounds.
  2932 | D:4      | Noticed an ogre
  2935 | D:4      | Mangled by an ogre

Levels and vault maps discovered:
D:1:      saegor_arrival_miasma, layout_basic, serial_shops,
          nicolae_shop_hallway_stairs
D:2:      layout_loops_ring
D:3:      minmay_inner_zag, layout_basic, grunt_temple_overflow_cloverleaf,
          grunt_temple_overflow_open
D:4:      layout_loops_cross, temple_fountains, kennysheep_orc_chapel

Skill      XL: |  1  2  3  4 |
---------------+-------------+-----
Ranged Weapons | 6 7 8 |  8.2
Fighting       | |  1.5
Dodging        | |  2.4
Stealth        | |  1.2

Action                     |  1- 3 |  4- 6 || total
---------------------------+-------+-------++-------
   Fire: Shortbow          |    98 |    89 ||   187
    Use: Scroll            |     4 |     3 ||     7
         Potion            |     2 |     1 ||     3
 Armour: Leather armour    |     8 |       ||     8
         Scale mail        |       |    24 ||    24
         Ring mail         |       |    14 ||    14
  Dodge: Dodged            |    26 |    42 ||    68

Table legend:
 A = Non-vault XP
 B = Vault XP
 C = Vault XP percentage of total XP
 D = Non-vault monster count
 E = Vault monster count
 F = Vault count percentage of total count
                 A         B        C        D         E       F
            +---------+---------+-------+---------+---------+-------
      Total |     120 |      61 |  33.7 |      45 |       6 |  11.8
            +---------+---------+-------+---------+---------+-------
        D:1 |      37 |       0 |   0.0 |      19 |       0 |   0.0
        D:2 |       8 |       0 |   0.0 |       6 |       0 |   0.0
        D:3 |      52 |      61 |  54.0 |      14 |       6 |  30.0
        D:4 |      23 |       0 |   0.0 |       6 |       0 |   0.0
            +---------+---------+-------+---------+---------+-------
